 Dungeon Crawl Stone Soup version 0.18-a0-1692-g516f9e9 (webtiles) character file.

282 barb4r1an the Skirmisher (level 6, -13/55 HPs)
             Began as a Minotaur Berserker on Apr 5, 2016.
             Was a Priest of Trog.
             Engulfed by a cloud of flame (21 damage)
             ... on level 4 of the Dungeon.
             The game lasted 00:24:31 (4207 turns).

barb4r1an the Skirmisher (Minotaur Berserker)       Turns: 4207, Time: 00:24:32

Health: -13/55     AC: 12    Str: 28    XL:     6   Next: 6%
Magic:  5/5        EV:  7    Int:  4    God:    Trog [***...]
Gold:   112        SH: 14    Dex:  8    Spells: 0 memorised, 5 levels left

rFire  . . .     SeeInvis .     h - +1 dagger (speed)
rCold  . . .     Gourm    .     g - +0 ring mail
rNeg   . . .     Faith    .     c - +0 large shield
rPois  .         Spirit   .     (helmet restricted)
rElec  .         Dismiss  .     (no cloak)
rCorr  .         Reflect  .     (no gloves)
SustAt +         Harm     +     e - +1 pair of boots
MR     .....                    m - amulet of harm
Stlth  ..........               v - +4 ring of strength
                                o - ring of sustain attributes

@: lethally poisoned (-13 -> -16), not resistant to hostile enchantments,
extremely unstealthy
A: retaliatory headbutt, horns 2, rough black scales 1
a: Berserk, Trog's Hand, Burn Spellbooks, Renounce Religion


You were on level 4 of the Dungeon.
You worshipped Trog.
Trog was most pleased with you.
You were hungry.

You visited 1 branch of the dungeon, and saw 4 of its levels.

You collected 112 gold pieces.

Inventory:

Hand Weapons
 a - a +0 spear
 h - a +1 dagger of speed (weapon)
Armour
 c - a +0 large shield (worn)
 e - a +1 pair of boots (worn)
 g - a +0 ring mail (worn)
Jewellery
 b - an uncursed amulet of magic regeneration {unknown}
 m - an amulet of harm (around neck)
 o - a ring of sustain attributes (left hand)
 v - a +4 ring of strength (right hand)
Scrolls
 d - a scroll of blinking {unknown}
 k - 2 scrolls of magic mapping {unknown}
 l - 2 scrolls of remove curse {unknown}
 p - a scroll of random uselessness {unknown}
 r - a scroll of teleportation
Potions
 i - 2 potions of brilliance
 n - 2 potions of flight
 q - 2 potions of might {unknown}
 u - 2 potions of magic
 w - 2 potions of lignification {unknown}
 x - a potion of heal wounds {unknown}
 z - a potion of cancellation {unknown}
Comestibles
 j - a royal jelly
 s - 6 fruits
 t - a meat ration


   Skills:
 + Level 4.9 Fighting
 + Level 0.9 Short Blades
 + Level 4.6 Polearms
 + Level 3.9 Armour
 + Level 3.8 Dodging
 + Level 0.3 Stealth
 + Level 2.6 Shields


You had 5 spell levels left.
You didn't know any spells.

Dungeon Overview and Level Annotations

Branches:
Dungeon (4/15)             Temple (0/1) D:4

Altars:
Kikubaaqudgha
Makhleb
Zin


Innate Abilities, Weirdness & Mutations

You reflexively headbutt those who attack you in melee.
You have a pair of horns on your head.
You are partially covered in rough black scales (AC +4, Dex -1).


Message History

The creatures around you are filled with an inner flame!
The orc barely misses you.
You barely miss the orc. You headbutt the orc.
The orc is almost dead.
You feel sick. The orc hits you with a club.
You hit the orc.
The orc explodes!
The fiery explosion engulfs you!
The fiery explosion engulfs the orc.
The orc explodes!
The fiery explosion engulfs the orc.
The orc explodes!
The fiery explosion engulfs the orc.
The orc explodes!
The fiery explosion engulfs the orc.
The orc explodes!
Trog accepts your kill. x5
You are engulfed in roaring flames.
* * * LOW HITPOINT WARNING * * *
You are engulfed in roaring flames.
You die...

....... #........#
......###........#
.................#
#..............#######
#..............##....#
#..............##....#
#....†...##.....#....#
######'######.....##...#
#.#.......#@#.....##...#
#.#.......#§#.....##...# ##
#.'...>...#§#.....'....+ ..+
#.#.......#§#.....##...# ..#
..
#.#.......#§#.....##...#...#
..
#.####'####§########...#...#
..#####.....##.§§#
#...........#
...........###.%%#
#...........# .......#####
#...# #...........#


There were no monsters in sight!

Vanquished Creatures
  An orc priest (D:3)
  A hound (D:3)
  A worker ant (D:4)
  3 gnolls (D:2)
  4 adders
  An ooze (D:1)
  4 worms
  4 dart slugs
  3 giant geckos
  13 orcs
  2 ball pythons
  A giant cockroach (D:1)
  11 goblins
  11 hobgoblins
  9 jackals
  4 kobolds
  3 quokkas
  9 bats
  5 giant newts
  A quokka skeleton (D:4)
  5 rats
96 creatures vanquished.

Notes
Turn   | Place    | Note
--------------------------------------------------------------
     0 | D:1      | barb4r1an the Minotaur Berserker began the quest for the Orb.
     0 | D:1      | Reached XP level 1. HP: 19/19 MP: 0/0
   386 | D:1      | Reached XP level 2. HP: 23/27 MP: 1/1
   722 | D:1      | Reached ** piety under Trog
   731 | D:1      | Reached XP level 3. HP: 31/33 MP: 2/2
  1365 | D:2      | HP: 1/33 [gnoll (6)]
  1694 | D:2      | Reached XP level 4. HP: 38/40 MP: 3/3
  1773 | D:2      | Gained mutation: You are partially covered in rough black scales (AC +4, Dex -1). [potion of beneficial mutation]
  1919 | D:2      | Found a glowing silver altar of Zin.
  2292 | D:2      | Found an ancient bone altar of Kikubaaqudgha.
  2906 | D:3      | Reached XP level 5. HP: 47/47 MP: 4/4
  2946 | D:3      | Reached *** piety under Trog
  3041 | D:3      | Found a burning altar of Makhleb.
  3058 | D:3      | Reached skill level 1 in Shields
  3133 | D:3      | Paralysed by fainting for 10 turns
  4112 | D:4      | Found a staircase to the Ecumenical Temple.
  4203 | D:4      | Reached XP level 6. HP: 48/55 MP: 5/5
  4207 | D:4      | Engulfed by a cloud of flame

Vault maps used:
D:1:      evilmike_arrival_plus, minmay_box_of_dots
D:2:      marbit_many_paths, nicolae_overflow_crystal_walls
D:3:      makhleb_heckhound_becter, guppyfry_early_orc_mine
D:4:      temple_green, first_bread, minmay_misc_feat_chi, minivault_4,
          grunt_ministairs_10, glass_columns_c, patterned_corridor

Skill      XL: |  1  2  3  4  5 |
---------------+----------------+-----
Polearms       | 4 |  4.6
Fighting       | 4 |  4.9
Dodging        | 3 |  3.8
Armour         | 3 |  3.9
Shields        | 2 |  2.6
Short Blades   | |  0.9
Stealth        | |  0.3

Action                   |  1- 3 |  4- 6 || total
-------------------------+-------+-------++-------
Melee: Spear             |    37 |       ||    37
       Dagger            |    44 |   204 ||   248
  Use: Scroll            |     3 |     5 ||     8
       Potion            |       |     1 ||     1
  Eat: Bread ration      |     1 |       ||     1
       Meat ration       |       |     1 ||     1
